 Dungeon Crawl Stone Soup version 0.29-a0-275-g389c0b56f3 (webtiles) character file.

Game seed: 1306911252192422347

368 testman the Magician (level 6, -4/41 HPs)
             Began as a Mummy Necromancer on Mar 10, 2022.
             Was an Initiate of Kikubaaqudgha.
             Slain by an orc
             ... wielding a +0 hand axe
              (6 damage)
             ... on level 4 of the Dungeon.
             The game lasted 00:20:27 (3884 turns).

testman the Magician (Mummy Necromancer)            Turns: 3884, Time: 00:20:27

Health: -4/41      AC:  4    Str: 11    XL:     6   Next: 41%
Magic:  15/15      EV: 11    Int: 16    God:    Kikubaaqudgha [......]
Gold:   166        SH:  0    Dex: 13    Spells: 8/17 levels left

rFire   x . .      SeeInvis .   b - +1 short sword (speed)
rCold   + + .      Faith    .   j - +0 buckler
rNeg    + + +      Spirit   .   a - +0 robe
rPois   ∞          Reflect  .   (no helmet)
rElec   .          Harm     .   k - +0 cloak
rCorr   .          Rampage  .   l - +0 pair of gloves
Will    .....                   (no boots)
Stlth   +.........              (no amulet)
HPRegen 0.13/turn               m - ring of protection from cold
MPRegen 0.14/turn               (no ring)

@: confused
A: cold resistance 1, negative energy resistance 3, torment resistance 2, heat
vulnerability 1, in touch with death 1, no potions
a: Renounce Religion


You were on level 4 of the Dungeon.
You worshipped Kikubaaqudgha.
Kikubaaqudgha was noncommittal.
You visited 1 branch of the dungeon, and saw 4 of its levels.

You collected 248 gold pieces.
You spent 82 gold pieces at shops.

Inventory:

Hand Weapons
 b - a +1 short sword of speed (weapon)
 g - a +0 hunting sling
Missiles
 c - 149 stones
 i - 6 javelins
Armour
 a - a +0 robe (worn)
 j - a +0 buckler (worn)
 k - a +0 cloak (worn)
 l - a +0 pair of gloves (worn)
Jewellery
 m - a ring of protection from cold (left hand)
Wands
 n - a wand of digging (9)
Scrolls
 d - a scroll of magic mapping {unknown}
 e - 2 scrolls of enchant armour {unknown}
 f - a scroll of fear
 h - a scroll of immolation
 o - a scroll of summoning {unknown}
 p - a scroll of teleportation
 q - a scroll of silence {unknown}


   Skills:
 + Level 0.1 Short Blades
 - Level 1.5 Dodging
 - Level 1.5 Stealth
 + Level 6.2 Spellcasting
 + Level 6.1 Necromancy


You had 8 spell levels left.
You knew the following spells:

 Your Spells              Type           Power      Damage    Failure   Level
a - Pain                  Necr           100%       1d9       1%          1
b - Animate Skeleton      Necr           74%        N/A       1%          1
c - Vampiric Draining     Necr           37%        2d8       4%          3
d - Animate Dead          Necr           18%        N/A       14%         4

Your spell library contained the following spells:

 Spells                   Type           Power      Damage    Failure   Level
 Summon Small Mammal      Summ           16%        N/A       19%         1
 Ensorcelled Hibernation  Hex/Ice        8%         N/A       28%         2
 Passwall                 Tmut/Erth      3%         N/A       28%         2
 Agony                    Necr           37%        N/A       38%         5
 Call Canine Familiar     Summ           4%         N/A       50%         3
 Summon Guardian Golem    Hex/Summ       4%         N/A       50%         3
 Swiftness                Air            4%         N/A       50%         3
 Leda's Liquefaction      Hex/Erth       2%         N/A       88%         4
 Lee's Rapid Deconstruct  Erth           2%         3d5*      99%         5
 Chain Lightning          Conj/Air       2%         3d2       100%        9
 Fire Storm               Conj/Fire      2%         8d1       100%        9
 Shatter                  Erth           2%         3d6*      100%        9
 Statue Form              Tmut/Erth      Unusable   N/A       N/A         6

Dungeon Overview and Level Annotations

Branches:
Dungeon (4/15)
 Temple: D:4-7

Altars:
Fedhas
Kikubaaqudgha
Yredelemnul

Shops:
D:2 ?


Innate Abilities, Weirdness & Mutations

You are immune to poison.
Your flesh is cold resistant. (rC+)
You are immune to negative energy. (rN+++)
You are immune to unholy pain and torment.
You are vulnerable to heat. (rF-)
You are in touch with the powers of death.
You do not drink.


Message History

You hit the orc.
The orc is heavily wounded.
You block the orc's attack.
You hit the orc.
You kill the orc!
Kikubaaqudgha accepts your kill.
You miss something. You miss something. You hit something but do no damage.
Something hits you but does no damage. The orc hits you with a +0 hand axe.
You hit something but do no damage. Something hits you but does no damage.
The orc barely misses you.
You hit something. Something hits you. The orc hits you with a +0 hand axe.
You closely miss something. You closely miss something.
You hear some strange, mumbled words.
You are confused.
The orc hits you with a +0 hand axe.
You hit the orc.
The orc is lightly wounded.
Something hits you. The orc barely misses you.
You bump into the rock wall.
Something hits you but does no damage. The orc closely misses you.
You bump into the rock wall.
Something hits you. The orc hits you with a +0 hand axe!
* * * LOW HITPOINT WARNING * * *
You're too confused to cast spells.
Okay, then.
Unknown command.
You're too confused to cast spells.
Okay, then.
Okay, then.
Something hits you but does no damage.
You hear some strange, mumbled words.
A puff of flame appears from out of thin air!
The puff of flame hits you! The fire burns you terribly!
* * * LOW HITPOINT WARNING * * *
The orc attacks as you move away! The orc hits you with a +0 hand axe.
You die...
Kikubaaqudgha rasps: "You have failed me!
Welcome... oblivion!"

.##### #### #...# .+ ...
####.### ## #.. #......#
#.. #......# +..##
#.##.#.# #o..# #.#..#.# ##
#####)# #.#.##.# .+
+...o{# #......# .#####
#####..@### ###.####
...#.+ +.#.......# #.#
.#+#.#####.#+#...#+#####.#
.#.....#.....#...#....<..#
##.....+.....##'##.#######
.#....)#.....#.....#
.#'#.#####.#'#.#####
...#.'...'.#...#
.#####...###.###


You could see an orc.

Vanquished Creatures
  An ogre (D:3)
  A phantom (D:4)
  A hound (D:4)
  11 adders
  2 worms (D:2)
  2 dart slugs (D:1)
  5 orcs
  6 bats
  An endoplasm (D:2)
  5 giant cockroaches
  3 goblins
  8 hobgoblins
  A jackal (D:2)
  5 quokkas
  6 ball pythons
  2 frilled lizards
  4 kobolds
  6 rats
70 creatures vanquished.

Notes
Turn   | Place    | Note
-------+----------+-------------------------------------------
     0 | D:1      | testman the Mummy Necromancer began the quest for the Orb.
     0 | D:1      | Reached XP level 1. HP: 13/13 MP: 4/4
     2 | D:1      | Learned a level 1 spell: Animate Skeleton
   631 | D:1      | Reached XP level 2. HP: 19/19 MP: 4/6
  1114 | D:2      | Gained mutation: You are in touch with the powers of death.
                  | [Mummy growth]
  1114 | D:2      | Reached XP level 3. HP: 20/24 MP: 1/8
  1214 | D:2      | Found Cupsosac's Magic Scroll Emporium.
  1225 | D:2      | Bought a scroll of fear for 38 gold pieces
  1225 | D:2      | Bought a scroll of noise for 11 gold pieces
  1225 | D:2      | Bought a scroll of teleportation for 33 gold pieces
  1235 | D:2      | Found a faded altar of an unknown god.
  1506 | D:2      | Noticed a necrophage
  1772 | D:2      | Reached XP level 4. HP: 30/30 MP: 8/10
  1778 | D:2      | Learned a level 3 spell: Vampiric Draining
  1783 | D:2      | Learned a level 4 spell: Animate Dead
  1864 | D:2      | Reached skill level 5 in Necromancy
  2955 | D:3      | Reached XP level 5. HP: 35/35 MP: 9/12
  3055 | D:3      | Noticed an ogre
  3205 | D:3      | Killed an ogre
  3206 | D:3      | Reached skill level 5 in Spellcasting
  3484 | D:4      | Reached XP level 6. HP: 27/41 MP: 10/14
  3581 | D:4      | Found a basalt altar of Yredelemnul.
  3596 | D:4      | Found a blossoming altar of Fedhas.
  3600 | D:4      | Found an ancient bone altar of Kikubaaqudgha.
  3605 | D:4      | Became a worshipper of Kikubaaqudgha
  3883 | D:4      | HP: 2/41 [something/puff of flame (10)]
  3884 | D:4      | Slain by an orc

Illustrated notes

Levels and vault maps discovered:
D:1:      pf_arrival_petrified_forest, layout_loops_ring
D:2:      minmay_razor_zed, layout_basic, hellmonk_ecumenical_altar_blasted,
          serial_shops, shop, eino_tiny_chamber
D:3:      layout_rooms, dreamdust_wishing_well
D:4:      nicolae_cairo_tiling_large, layout_loops_cross,
          grunt_temple_overflow_growth_and_decay,
          mainiacjoe_overflow_tiny_flanked, amethyst_overflow_temple_binary,
          lightli_corner_chamber

Skill      XL: |  1  2  3  4  5  6 |
---------------+-------------------+-----
Spellcasting   | 3 4 5 6 |  6.2
Necromancy     | 5 6 |  6.1
Short Blades   | |  0.1
Dodging        | |  1.5
Stealth        | |  1.5

Action                   |  1- 3 |  4- 6 || total
-------------------------+-------+-------++-------
Melee: Unarmed           |     5 |       ||     5
       Short sword       |    25 |    98 ||   123
       Punch             |     1 |       ||     1
 Cast: Pain              |    52 |    52 ||   104
       Vampiric Draining |       |     7 ||     7
  Use: Scroll            |       |     1 ||     1
 Stab: Sleeping          |       |     1 ||     1
Armor: Robe              |     3 |    16 ||    19
Dodge: Dodged            |    28 |    43 ||    71
Block: Buckler           |       |     5 ||     5

Table legend: (Time is in decaauts)
 A = Elapsed time spent in this place.
 B = Non-inter-level travel time spent in this place.
 C = Inter-level travel time spent in this place.
 D = Time resting spent in this place.
 E = Time spent auto-exploring this place.
 F = Levels seen in this place.
 G = Mean time per level.
                   A        B        C        D        E       F      G
               +--------+--------+--------+--------+--------+-----+--------+
         Total |   3857 |   3596 |    261 |    939 |   1963 |   4 |  964.2 |
       Dungeon |   3857 |   3596 |    261 |    939 |   1963 |   4 |  964.2 |
               +--------+--------+--------+--------+--------+-----+--------+

Top non-repeatable levels by time:
     D:2: 1268 daAuts
     D:1: 1198 daAuts
     D:3: 917 daAuts
     D:4: 473 daAuts
